 Dungeon Crawl Stone Soup version 0.27-a0-1065-ge809cff456 (webtiles) character file.

Game seed: 12832001897292912144

67 Ijustatesigmund the Skirmisher (level 4, 11/35 HPs)
             Began as a Demonspawn Fighter on Apr 22, 2021.
             Quit the game on level 2 of the Dungeon.
             The game lasted 00:01:05 (944 turns).

Ijustatesigmund the Skirmisher (Demonspawn Fighter)  Turns: 944, Time: 00:01:06

Health: 11/35      AC:  6    Str: 17    XL:     4   Next: 0%
Magic:  4/4        EV:  7    Int:  9    God:
Gold:   92         SH: 12    Dex: 13    Spells: 3/3 levels left

rFire    . . .     SeeInvis +   a - +0 war axe
rCold    . . .     Faith    .   c - +0 kite shield
rNeg     . . .     Spirit   .   b - +0 scale mail
rPois    .         Reflect  .   (no helmet)
rElec    .         Harm     .   (no cloak)
rCorr    .         Rampage  .   (no gloves)
Will     .....                  (no boots)
Stlth    ..........             (no amulet)
HPRegen  0.11/turn              h - ring of see invisible
MPRegen  0.18/turn              (no ring)

@: slowed, very slow
A: claws 1, large bone plates 1, magic regeneration
a: no special abilities


You were on level 2 of the Dungeon.
You visited 1 branch of the dungeon, and saw 2 of its levels.

You collected 92 gold pieces.

Inventory:

Hand Weapons
 a - a +0 war axe (weapon)
Armour
 b - a +0 scale mail (worn)
 c - a +0 kite shield (worn)
Jewellery
 h - a ring of see invisible (left claw)
Scrolls
 e - 4 scrolls of identify {unknown}
Potions
 d - a potion of might
 f - a potion of flight {unknown}
 g - a potion of curing {unknown}


   Skills:
 + Level 3.5 Fighting
 * Level 3.0 Axes
 - Level 2.6 Armour
 + Level 1.4 Dodging
 - Level 2.6 Shields


You had 3 spell levels left.
You didn't know any spells.
Your spell library contained the following spells:

 Spells                   Type           Power      Damage    Failure   Level
 Animate Skeleton         Necr           0%         N/A       100%        1
 Apportation              Tloc           0%         N/A       100%        1
 Corona                   Hex            0%         N/A       100%        1
 Summon Small Mammal      Summ           0%         N/A       100%        1


Dungeon Overview and Level Annotations

Branches:
Dungeon (2/15)

Altars:


Innate Abilities, Weirdness & Mutations

You have sharp fingernails.
You are partially covered in large bone plates. (SH +4)
You regenerate magic rapidly.


Message History

Natasha claws you. The kobold hits you with a +0 dagger.
You are too injured to fight recklessly!
You are too injured to fight recklessly!
You are too injured to fight recklessly!
You are too injured to fight recklessly!
You are too injured to fight recklessly!
You are too injured to fight recklessly!
You are too injured to fight recklessly!
You are too injured to fight recklessly!
You are too injured to fight recklessly!
You are too injured to fight recklessly!
You are too injured to fight recklessly!
You are too injured to fight recklessly!
You are too injured to fight recklessly!
Unknown command.
You hit Natasha.
Natasha is severely wounded.
You hit the kobold. Natasha claws you. The kobold hits you but does no damage.
You hit Natasha.
Natasha is almost dead.
You hit the kobold but do no damage.
Natasha stares at you and mumbles some strange words.
You feel yourself slow down. The kobold hits you but does no damage.
Natasha casts a spell.
The kobold hits you with a +0 dagger.
You closely miss Natasha.
Natasha is almost dead.
You hit the kobold.
You kill the kobold!
You block Natasha's attack.
Natasha casts a spell.
You slash Natasha!
You kill Natasha!
Natasha screams in pain as she dies!
The crimson imp disappears in a puff of smoke! x2
Your Axes skill increases to level 3!
You have reached level 4!
You feel stronger.
Your demonic ancestry asserts itself...
Your fingernails lengthen.
Are you sure you want to abandon this character and quit the game? (Confirm with "yes".)

###### ### #....#
#.. #.##.# #.#
#.##.# ###.#
#.##.####.#.####
#.#.......§....#.##
#.#..##.....)#.....
#....###...@†..#
###.###.###.#......#
#††.# .# #.########
#.#.# .# #.# #.##..
## #+# #.# ### #.#
##.### ##....###


There were no monsters in sight!

Vanquished Creatures
  Natasha (D:2)
  A gnoll (D:1)
  2 dart slugs (D:1)
  5 ball pythons (D:1)
  2 bats
  2 endoplasms (D:1)
  2 giant cockroaches (D:1)
  A hobgoblin (D:1)
  4 jackals (D:2)
  3 quokkas
  2 frilled lizards (D:1)
  3 kobolds
28 creatures vanquished.

Notes
Turn   | Place    | Note
-------+----------+-------------------------------------------
     0 | D:1      | Ijustatesigmund the Demonspawn Fighter began the quest for
                  | the Orb.
     0 | D:1      | Reached XP level 1. HP: 18/18 MP: 1/1
   165 | D:1      | Gained mutation: You are partially covered in large bone
                  | plates. (SH +4) [demonic ancestry]
   165 | D:1      | Reached XP level 2. HP: 19/24 MP: 2/2
   318 | D:1      | Reached skill level 1 in Dodging
   495 | D:1      | Gained mutation: You regenerate magic rapidly. [demonic
                  | ancestry]
   495 | D:1      | Reached XP level 3. HP: 29/29 MP: 3/3
   880 | D:2      | Found a faded altar of an unknown god.
   931 | D:2      | Noticed Natasha
   943 | D:2      | Killed Natasha
   944 | D:2      | Gained mutation: You have sharp fingernails. [demonic
                  | ancestry]
   944 | D:2      | Reached XP level 4. HP: 11/35 MP: 4/4
   944 | D:2      | Quit the game

Illustrated notes

Levels and vault maps discovered:
D:1:      mrwooster_arrival_statue_3, layout_loops_ring, st_stairs_13,
          minmay_heptomino_w4
D:2:      layout_loops_corners, ebering_ecumenical_altar_webs, basic_altar,
          uniq_natasha

Skill      XL: |  1  2  3 |
---------------+----------+-----
Axes           | 2 3 |  3.0
Dodging        | 1 |  1.4
Fighting       | |  3.5
Armour         | |  2.6
Shields        | |  2.6

Action                   |  1- 3 |  4- 6 || total
-------------------------+-------+-------++-------
Melee: War axe           |    78 |       ||    78
 Stab: Held in net/web   |     1 |       ||     1
Armor: Scale mail        |    35 |       ||    35
Dodge: Dodged            |    18 |       ||    18
Block: Kite shield       |    74 |       ||    74

Table legend: (Time is in decaauts)
 A = Elapsed time spent in this place.
 B = Non-inter-level travel time spent in this place.
 C = Inter-level travel time spent in this place.
 D = Time resting spent in this place.
 E = Time spent auto-exploring this place.
 F = Levels seen in this place.
 G = Mean time per level.
                   A        B        C        D        E       F      G
               +--------+--------+--------+--------+--------+-----+--------+
         Total |    993 |    975 |     18 |      0 |    774 |   2 |  496.5 |
       Dungeon |    993 |    975 |     18 |      0 |    774 |   2 |  496.5 |
               +--------+--------+--------+--------+--------+-----+--------+

Top non-repeatable levels by time:
     D:1: 895 daAuts
     D:2: 98 daAuts
